 Dungeon Crawl Stone Soup version 0.31.0-12-g77e489cdc1 (webtiles) character file.

Game seed: 3125189265442177664

1584 Killerpretzel the Changeling (level 8, 0/54 HPs)
             Began as an Octopode Shapeshifter on Mar 1, 2024.
             Slain by a wight
             ... wielding a +2 falchion
              (13 damage)
             ... on level 5 of the Dungeon.
             The game lasted 00:06:30 (3883 turns).

Killerpretzel the Changeling (OpSh)                 Turns: 3883, Time: 00:06:31

Health: 0/54       AC:  1    Str: 13    XL:     8   Next: 92%
Magic:  8/8        EV: 15    Int: 12    God:
Gold:   387        SH:  0    Dex: 14    Spells: 7/7 levels left

rFire   + .          .
                       - Unarmed
rCold   + . .        (no shield)
rNeg    . . .        (helmet currently unavailable)
rPois   .            n - amulet of regeneration
rElec   .            e - ring of protection from cold
rCorr   .            p - ring of protection from fire
SInv    .            (no ring)
Will    .....        (no ring)
Stlth   ++           (no ring)
HPRegen 1.09/turn    (no ring)
MPRegen 0.11/turn    (no ring)
                     (no ring)

%: no passive effects
@: beast-form
A: beast (slay +4), almost no armour, amphibious, 8 rings, camouflage 1,
gelatinous body 1, (nimble swimmer 1), tentacles
a: Begin Untransformation


You were on level 5 of the Dungeon.
You were a hulking beast.
You visited 1 branch of the dungeon, and saw 5 of its levels.
You also visited: Ossuary.

You collected 387 gold pieces.

Inventory:

Jewellery
 e - a ring of protection from cold (left tentacle)
 n - an amulet of regeneration (around mantle)
 p - a ring of protection from fire (right tentacle)
 u - a ring of wizardry
Talismans
 b - a beast talisman
 c - a flux talisman
Wands
 m - a wand of charming (11)
 s - a wand of flame (24)
Scrolls
 a - 2 scrolls of fog
 g - 2 scrolls of blinking
 l - a scroll of enchant armour
 r - a scroll of teleportation
Potions
 d - 2 potions of resistance
 f - 3 potions of mutation
 h - 2 potions of enlightenment
 i - a potion of heal wounds
 j - a potion of ambrosia {unknown}
 k - 4 potions of curing
 o - a potion of degeneration {unknown}
 q - a potion of haste {unknown}
 t - 4 potions of attraction


   Skills:
 + Level 4.8 Fighting
 + Level 5.1 Dodging
 + Level 5.7 Unarmed Combat
 * Level 7.0 Shapeshifting


You had 7 spell levels left.
You didn't know any spells.
Your spell library was empty.

Dungeon Overview and Level Annotations

Branches:
Dungeon (5/15)            Ossuary (visited)
 Temple: D:4-7

Altars:
Ashenzari
Cheibriados
Dithmenos
Makhleb
Sif Muna
Zin


Innate Abilities, Weirdness & Mutations

You are a hulking beast.
Your limbs bulge with bestial killing power. (Slay +4)
You cannot wear most types of armour.
You are amphibious.
You can wear up to eight rings at the same time.
Your skin changes colour to match your surroundings (Stealth+).
Your rubbery body absorbs attacks. (AC +1, EV +1)
((You are camouflaged when in or above water. (Stealth+)))
You have tentacles for arms and can constrict up to eight enemies at once.


Message History

No target in view!
No target in view!
A wight comes into view.
It is wielding a +0 war axe and wearing a +2 robe of willpower.
A wight comes into view.
It is wielding a +4 morningstar of freezing.
A wight comes into view. It is wielding a +2 falchion.
An ogre comes into view. It is wielding a +0 giant spiked club.
The ogre shouts!
The wight closely misses you.
A wight comes into view. It is wielding a +0 war axe.
You bludgeon the wight! You grab the wight.
The wight is heavily damaged.
You constrict the wight, but do no damage.
The wight barely misses you.
You tentacle-slap the wight.
The wight is severely damaged.
You constrict the wight, but do no damage.
The wight barely misses you.
You tentacle-slap the wight.
The wight is almost destroyed.
You constrict the wight, but do no damage.
The wight closely misses you.
You tentacle-slap the wight but do no damage.
You squeeze the wight.
You destroy the wight!
Your Shapeshifting skill increases to level 7!
You tentacle-slap the wight. You grab the wight.
The wight is lightly damaged.
You constrict the wight. The wight misses you.
You tentacle-slap the wight.
The wight is moderately damaged.
You constrict the wight.
The wight hits you with a +4 morningstar of freezing!
The wight freezes you. The wight closely misses you.
You are too injured to fight recklessly!
There are monsters nearby!
You release your grip on the wight.
The ogre hits you with a +0 giant spiked club!!
* * * LOW HITPOINT WARNING * * *
The wight attacks as it pursues you! The wight hits you with a +2 falchion!
You die...

#.8... ...~ ##.....#.♣~ ~~~
........[.P ~≈~ .......... .~≈~
..#......♣.~~~~ .......z.♣~~~~~
........)..~..~. ..###.#Ozz...~..
........h##..P..
###...###......?......###..# ....
.#..#..#.............####..# ...
....#......#........## ...##..
...........#........# ###.....# .
..........##........###.#.)...#..
.#.....#..####..........)........
###...###..###.......$..#######..
.#.....#...#.#..........#.....#..


You could see an ogre and 3 wights.

Vanquished Creatures
  A black bear (D:4)
  2 ogres
  A phantom (D:5)
  6 elf zombies (Ossuary)
  A wight (D:5)
  2 scorpions
  A howler monkey (D:4)
  3 bombardier beetles
  2 centaur zombies (Ossuary)
  2 human zombies (Ossuary)
  Natasha (thrice) (D:2)
  2 iguanas
  A killer bee zombie (Ossuary)
  3 mummies (Ossuary)
  4 gnolls
  8 adders
  A shadow imp (D:5)
  3 dart slugs
  3 ribbon worms
  5 orcs
  5 endoplasms
  7 giant cockroaches
  8 goblins
  5 hobgoblins
  9 kobolds
  2 quokkas (D:2)
  4 ball pythons
  13 bats
  3 frilled lizards
  5 rats
115 creatures vanquished.

Notes
Turn   | Place    | Note
-------+----------+-------------------------------------------
     0 | D:1      | Killerpretzel the Octopode Shapeshifter began the quest for
                  | the Orb.
     0 | D:1      | Reached XP level 1. HP: 13/13 MP: 1/1
   167 | D:1      | Reached XP level 2. HP: 6/18 MP: 2/2
   708 | D:2      | Reached XP level 3. HP: 22/23 MP: 3/3
  1002 | D:2      | Reached XP level 4. HP: 29/29 MP: 4/4
  1093 | D:2      | Noticed Natasha
  1096 | D:2      | Killed Natasha
  1216 | D:2      | Noticed Natasha
  1226 | D:2      | Killed Natasha
  1227 | D:2      | Reached skill level 4 in Shapeshifting
  1227 | D:2      | Reached XP level 5. HP: 23/34 MP: 5/5
  1521 | D:2      | Noticed Natasha
  1530 | D:2      | Killed Natasha
  2164 | D:3      | Found a broken altar of Ashenzari.
  2445 | D:3      | Found a shimmering blue altar of Sif Muna.
  2820 | D:4      | Reached XP level 6. HP: 36/41 MP: 6/6
  2867 | D:4      | Noticed a black bear
  2897 | D:4      | Killed a black bear
  2953 | D:4      | Reached skill level 5 in Shapeshifting
  3019 | D:4      | Reached XP level 7. HP: 46/46 MP: 7/7
  3236 | D:4      | Found a snail-covered altar of Cheibriados.
  3313 | D:4      | Found a burning altar of Makhleb.
  3313 | D:4      | Found a glowing silver altar of Zin.
  3314 | D:4      | Noticed an angel
  3314 | D:4      | Noticed a cacodemon
  3380 | D:4      | Found a sand-covered staircase.
  3388 | Ossuary  | Entered an ossuary
  3477 | Ossuary  | Reached XP level 8. HP: 49/54 MP: 8/8
  3486 | Ossuary  | Reached skill level 5 in Unarmed Combat
  3486 | Ossuary  | Reached skill level 6 in Shapeshifting
  3641 | D:5      | Entered Level 5 of the Dungeon
  3829 | D:5      | Found a shadowy altar of Dithmenos.
  3859 | D:5      | Reached skill level 5 in Dodging
  3881 | D:5      | Reached skill level 7 in Shapeshifting
  3883 | D:5      | Slain by a wight

Illustrated notes

Levels and vault maps discovered:
D:1:      ebering_trefoil_twist, layout_rooms, minmay_unequal
D:2:      minmay_diamond_boxcup, layout_loops_corners, corexii_shack,
          uniq_natasha
D:3:      layout_loops_ring, mainiacjoe_overflow_paths, led_sif_pool,
          kennysheep_generic_room_14
D:4:      layout_cave_pools, grunt_temple_overflow_order_and_chaos_2,
          chei_slow_surprise, chequers_ossuary_entry_cave
D:5:      layout_cave_pools, amcnicky_altar_gilded, serial_column_ruins,
          column_ruins_hut, column_ruins_hut, column_ruins_grid_2,
          column_ruins_grid_1, column_ruins_corridor_straight, st_stairs_2,
          minmay_strange_pillars, serial_bayou_pond_b,
          chequers_serial_rivers_room_a, serial_bayou_pond_e

Skill      XL: |  1  2  3  4  5  6  7  8 |
---------------+-------------------------+-----
Fighting       | 2 3 4 |  4.8
Shapeshifting  | 4 5 7 |  7.0
Dodging        | 3 4 5 |  5.1
Unarmed Combat | 4 5 |  5.7

Action                     |  1- 3 |  4- 6 |  7- 9 || total
---------------------------+-------+-------+-------++-------
  Melee: Unarmed           |    65 |   106 |   119 ||   290
         Constrict         |    17 |    34 |    24 ||    75
         Tentacles         |     4 |    23 |    47 ||    74
         Punch             |       |     5 |     9 ||    14
    Use: Scroll            |     3 |     9 |     3 ||    15
         Potion            |       |     1 |       ||     1
   Stab: Sleeping          |     6 |    12 |     2 ||    20
 Armour: Skin              |    31 |    49 |    39 ||   119
  Dodge: Dodged            |    50 |    40 |    54 ||   144
